AoeStats
← Reaper20131

Fortress

509994516Analyzed
4v4 RM · 2d ago on Sep 29, 2026· 39m 24s· 8 players
Game mode
Random Map
Map size
Huge
Population
200
Speed
Normal
Resources
Standard
Victory
Conquest
Starting age
Dark Age
Ending age
Imperial Age
RankedLock teamsTeams togetherTeam positionsShared explorationLock speedFull tech treeHidden civsTurbo modeCheats
Victory
Defeat
🇨🇱 Franks · Chile
1093
+14
🇦🇷 Britons · Argentina
1053
+15
1048
+16
🇵🇪 Byzantines · Peru
1045
+16
🇲🇽 Aztecs · Mexico
1079
-17
🇨🇦 Burgundians · Canada
1053
-16
🇫🇮 Magyars · Finland
1028
-15
🇺🇸 Bulgarians · United States
999
-13
Dylan-23
6:17 Feudal Age
8:26 Loom
9:48 Horse Collar
13:31 Castle Age
13:09 Forging
13:00 Double-Bit Axe
14:55 Scale Barding Armor
21:42 Iron Casting
23:54 Chain Barding Armor
25:33 Gold Mining
28:01 Sanctity
32:39 Imperial Age
32:45 Imperial Age
34:03 Wheelbarrow
34:32 Plate Barding Armor
37:30 Elite Cataphract
39:21 Bow Saw
[EtNb] Acerero4ever
8:59 Feudal Age
12:50 Castle Age
11:26 Horse Collar
11:36 Double-Bit Axe
12:07 Forging
13:08 Scale Barding Armor
14:35 Iron Casting
18:05 Heavy Plow
31:37 Imperial Age
31:10 Chain Barding Armor
32:02 Elite Konnik
32:47 Capped Ram
38:44 Onager
BATMAN [EtNb]
8:54 Feudal Age
10:30 Double-Bit Axe
14:55 Castle Age
13:04 Fletching
13:26 Forging
14:36 Loom
15:14 Scale Barding Armor
15:11 Padded Archer Armor
16:55 Bodkin Arrow
18:01 Husbandry
23:47 Wheelbarrow
25:35 Iron Casting
28:35 Imperial Age
27:23 Hand Cart
28:43 Cavalier
30:40 Blast Furnace
30:15 Chain Barding Armor
32:00 Conscription
34:52 Paladin
36:36 Plate Barding Armor
Luftwaffe
9:30 Feudal Age
10:03 Horse Collar
10:10 Double-Bit Axe
16:46 Castle Age
15:25 Stone Mining
15:28 Gold Mining
18:27 Wheelbarrow
18:31 Bow Saw
18:24 Heavy Plow
22:32 Hand Cart
29:03 Imperial Age
26:52 Fletching
28:21 Padded Archer Armor
28:17 Bodkin Arrow
29:54 Leather Archer Armor
32:02 Chemistry
32:20 Two-Man Saw
31:36 Heavy Scorpion
33:32 Gold Shaft Mining
33:30 Ring Archer Armor
33:01 Bracer
33:38 Ballistics
34:57 Masonry
Reaper20131
4:11 Loom
8:38 Feudal Age
9:20 Arson
15:39 Castle Age
14:27 Scale Barding Armor
14:33 Forging
14:44 Double-Bit Axe
16:07 Bloodlines
18:28 Wheelbarrow
28:34 Husbandry
32:02 Fletching
34:47 Imperial Age
35:12 Imperial Age
33:18 Wheelbarrow
33:13 Murder Holes
33:39 Bodkin Arrow
35:03 Hand Cart
37:26 Pikeman
37:52 Gambesons
38:08 Squires
Elma Kanon
8:26 Feudal Age
12:25 Castle Age
10:17 Double-Bit Axe
11:11 Horse Collar
14:07 Loom
20:01 Bow Saw
22:16 Gold Mining
25:39 Imperial Age
24:59 Gold Shaft Mining
24:25 Heavy Plow
27:07 Forging
26:21 Elite Jaguar Warrior
28:29 Conscription
28:52 Crop Rotation
29:11 Iron Casting
28:47 Squires
28:34 Gambesons
29:19 Scale Mail Armor
30:11 Garland Wars
30:37 Gold Shaft Mining
31:24 Wheelbarrow
30:55 Stone Mining
33:05 Blast Furnace
32:00 Pikeman
33:02 Chain Mail Armor
33:33 Hand Cart
33:54 Plate Mail Armor
33:59 Arson
36:53 Eagle Warrior
Ricardo Bernardo
7:51 Feudal Age
11:38 Castle Age
9:55 Double-Bit Axe
10:04 Horse Collar
11:09 Bow Saw
11:32 Heavy Plow
14:29 Loom
15:21 Wheelbarrow
14:32 Town Watch
14:46 Pikeman
18:58 Forging
21:22 Fletching
22:59 Squires
24:33 Bodkin Arrow
24:40 Scale Mail Armor
25:16 Iron Casting
33:54 Squires
37:04 Imperial Age
37:55 Chain Mail Armor
Rölli
1:59 Loom
6:49 Feudal Age
7:25 Horse Collar
7:33 Double-Bit Axe
14:16 Castle Age
15:52 Heavy Plow
16:09 Bow Saw
20:32 Wheelbarrow
19:43 Town Watch
21:22 Ballistics
21:23 Bloodlines
21:13 Husbandry
21:33 Thumb Ring
21:38 Gold Mining
22:17 Fletching
22:28 Padded Archer Armor
25:40 Bodkin Arrow
26:01 Leather Archer Armor
25:51 Scale Barding Armor
30:01 Corvinian Army
35:45 Imperial Age
34:47 Chain Barding Armor
35:58 Heavy Cavalry Archer
36:42 Recurve Bow
37:03 Bracer
40:05 Parthian Tactics
Connection lost

Rejoining the realm…

Still unreachable

The connection could not be restored.

Session expired

The server has moved on; the page needs a fresh start.